 Dungeon Crawl Stone Soup version 0.31-a0-237-g2d982f9f85 (webtiles) character file.

Game seed: 2303959164806505385

22 ablizno the Magician (level 2, -4/19 HPs)
             Began as a Merfolk Hedge Wizard on July 11, 2023.
             Slain by a worm (8 damage)
             ... on level 1 of the Dungeon.
             The game lasted 00:13:14 (905 turns).

ablizno the Magician (Merfolk Hedge Wizard)          Turns: 905, Time: 00:13:14

Health: -4/19      AC:  3    Str: 10    XL:     2   Next: 91%
Magic:  5/6        EV: 12    Int: 13    God:
Gold:   10         SH:  0    Dex: 13    Spells: 6/7 levels left

rFire   + . .        e - staff of fire
rCold   . . .        (no shield)
rNeg    . . .        k - +0 leather armour
rPois   .            c - +0 hat
rElec   .            (no cloak)
rCorr   .            (no gloves)
SInv    .            (no boots)
Will    .....        (no amulet)
Stlth   ++           (no ring)
HPRegen 0.23/turn    (no ring)
MPRegen 0.10/turn

%: no passive effects
@: no status effects
A: (nimble swimmer 2), mertail
a: no special abilities


You were on level 1 of the Dungeon.
You visited 1 branch of the dungeon, and saw 2 of its levels.

You collected 10 gold pieces.

Inventory:

Hand Weapons
 a - a +0 dagger
 f - a +0 dagger
 g - a +0 dagger
 j - a +0 short sword
Missiles
 h - 3 stones
Armour
 b - a +0 robe
 c - a +0 hat (worn)
 k - a +0 leather armour (worn)
Magical Staves
 e - a staff of fire (weapon)
Potions
 d - a potion of magic


   Skills:
 + Level 0.6 Short Blades
 + Level 0.1 Armour
 + Level 2.8 Dodging
 + Level 2.6 Stealth
 + Level 3.4 Spellcasting
 + Level 0.7 Conjurations
 + Level 1.0 Summonings
 + Level 0.7 Translocations


You had 6 spell levels left.
You knew the following spells:

 Your Spells              Type           Power      Damage    Failure   Level
a - Magic Dart            Conj           16%        1d3       22%         1

Your spell library contained the following spells:

 Spells                   Type           Power      Damage    Failure   Level
 Slow                     Hex            8%         N/A       30%         1
 Call Imp                 Summ           8%         N/A       30%         2
 Blink                    Tloc           8%         N/A       32%         2
 Cigotuvi's Dreadful Rot  Necr/Pois/Air  4%         N/A       41%         2
 Mephitic Cloud           Conj/Pois/Air  2%         N/A       63%         3


Dungeon Overview and Level Annotations

Branches:
Dungeon (2/15)

Altars:


Innate Abilities, Weirdness & Mutations

((You are very nimble when in or above water. (Stealth+, EV+, Speed+++)))
Your lower body shifts to a powerful aquatic tail in water.


Message History

The worm is lightly wounded.
Aiming: Magic Dart (safe; 22% risk of failure)
Press: ? - help, Q - select action, (/) - cycle Shift-Dir - straight line, f/p - worm
Aim: a worm (100% to hit)
The magic dart hits the worm.
The worm is lightly wounded.
Okay, then.
Hit: e) staff of fire
Press: ? - help, Dir - move target, f/p - worm
Aim: a worm (lightly wounded, about 21% to evade your staff of fire)
You hit the worm.
The worm is lightly wounded.
The worm bites you.
* * * LOW HITPOINT WARNING * * *
You hit the worm.
The worm is moderately wounded.
The worm closely misses you.
You hit the worm.
The worm is heavily wounded.
The worm barely misses you.
You completely miss the worm.
The worm is heavily wounded.
You barely miss the worm.
The worm is heavily wounded.
The worm closely misses you.
You hit the worm but do no damage.
The worm is heavily wounded.
The worm bites you but does no damage.
You hit the worm but do no damage.
The worm is moderately wounded.
The worm barely misses you.
You hit the worm.
The worm is heavily wounded.
You barely miss the worm.
The worm is heavily wounded.
The worm closely misses you.
You hit the worm.
The worm is severely wounded.
The worm bites you!
You die...

#.#
#.#
#.#
#.#
#.#
#.#
#.#
#w#
##@#
##..#
#..##
#..##
#..##
#.#
#. #.
.


You could see a worm.

Vanquished Creatures
  A worm (D:2)
  2 bats
  An endoplasm (D:1)
  A goblin (D:1)
  2 hobgoblins
  2 jackals (D:1)
  4 quokkas
  2 kobolds
  A rat (D:2)
16 creatures vanquished.

Notes
Turn   | Place    | Note
-------+----------+-------------------------------------------
     0 | D:1      | ablizno the Merfolk Hedge Wizard began the quest for the
                  | Orb.
     0 | D:1      | Reached XP level 1. HP: 13/13 MP: 4/4
   214 | D:1      | Reached XP level 2. HP: 11/19 MP: 6/6
   905 | D:1      | Slain by a worm

Illustrated notes

Levels and vault maps discovered:
D:1:      lightli_iron_boxes, layout_basic
D:2:      layout_rooms, serial_shops, shop

Action                     || total
---------------------------++-------
  Melee: Dagger            ||    37
         Short sword       ||    56
         Staff             ||    12
         Punch             ||     1
   Cast: Magic Dart        ||    12
    Use: Scroll            ||     1
         Potion            ||     1
   Stab: Sleeping          ||     4
 Armour: Robe              ||     9
         Leather armour    ||    17
  Dodge: Dodged            ||    83

Table legend: (Time is in decaauts)
 A = Elapsed time spent in this place.
 B = Non-inter-level travel time spent in this place.
 C = Inter-level travel time spent in this place.
 D = Time resting spent in this place.
 E = Time spent auto-exploring this place.
 F = Levels seen in this place.
 G = Mean time per level.
                   A        B        C        D        E       F      G
               +--------+--------+--------+--------+--------+-----+--------+
         Total |    905 |    903 |      2 |    248 |      0 |   2 |  452.5 |
       Dungeon |    905 |    903 |      2 |    248 |      0 |   2 |  452.5 |
               +--------+--------+--------+--------+--------+-----+--------+

Top non-repeatable levels by time:
     D:1: 694 daAuts
     D:2: 211 daAuts
